[Event "November 21 Late 2023"]
[Site "https://www.chess.com"]
[Date "2023.11.21"]
[Round "6"]
[White "Golubenko, Valentina"]
[Black "Smirnov, Timofey"]
[Result "1-0"]
[Board "139"]
[TimeControl "180+1"]
[WhiteFideId "4501993"]
[BlackFideId "24176427"]
[WhiteElo "2126"]
[BlackElo "2245"]
[WhiteTeam "CRO"]
[BlackTeam "RUS"]
[WhiteClock "0:00:45"]
[BlackClock "0:00:50"]

1. d4 d5 2. g3 Nf6 3. Bg2 Bf5 4. c4 c6 5. Nc3 e6 6. Nf3 h6 7. O-O Be7 8. Nd2 O-O 9. e4 Bh7 10. e5 Nfd7 11. f4 dxc4 12. Nxc4 Nb6 13. Ne3 Nd5 14. Ncxd5 cxd5 15. f5 Qb6 16. f6 gxf6 17. exf6 Bd6 18. Ng4 h5 19. Nh6+ Kh8 20. Qxh5 Qxd4+ 21. Kh1 Qd3 22. Nxf7+ Kg8 23. Nxd6 Rxf6 24. Rxf6 1-0

[Event "November 21 Late 2023"]
[Site "https://www.chess.com"]
[Date "2023.11.21"]
[Round "6"]
[White "Burke, Paul"]
[Black "Jelcic, Marko"]
[Result "0-1"]
[Board "140"]
[TimeControl "180+1"]
[WhiteFideId "2605767"]
[BlackFideId "14406489"]
[WhiteElo "1852"]
[BlackElo "2156"]
[WhiteTeam "CAN"]
[BlackTeam "BIH"]
[WhiteClock "0:00:00"]
[BlackClock "0:00:42"]

1. e4 e6 2. d4 d5 3. e5 c5 4. Qg4 h5 5. Qg3 Ne7 6. Bd3 c4 7. Be2 Nf5 8. Qf4 g6 9. Qd2 Bh6 10. f4 Qh4+ 11. Kd1 Ng3 12. Nf3 Bxf4 13. Nxh4 Bxd2 14. hxg3 Bxc1 15. Kxc1 Nc6 16. c3 b5 17. Nd2 a5 18. Nhf3 Rg8 19. Ng5 Ke7 20. Nh7 Rf8 21. Nf6 b4 22. g4 hxg4 23. Bxg4 a4 24. a3 bxc3 25. bxc3 Na5 26. Kc2 Ba6 27. Rhb1 Nb3 28. Nxb3 cxb3+ 29. Kd2 Rac8 30. Bd1 Rh8 31. Bxb3 axb3 32. Rxb3 Rh2 33. Rg1 g5 34. Rb6 Bc4 35. Rb7+ Kf8 36. Nd7+ Kg7 37. Nc5 Kg6 0-1

[Event "November 21 Late 2023"]
[Site "https://www.chess.com"]
[Date "2023.11.21"]
[Round "6"]
[White "Harish, Neeraj"]
[Black "Souza, Gustavo Horokoski De"]
[Result "1/2-1/2"]
[Board "141"]
[TimeControl "180+1"]
[WhiteFideId "30958130"]
[BlackFideId "2146584"]
[WhiteElo "1866"]
[BlackElo "1824"]
[WhiteTeam "USA"]
[BlackTeam "BRA"]
[WhiteClock "0:00:08"]
[BlackClock "0:00:06"]

1. e4 e6 2. d4 d5 3. e5 c5 4. c3 Nc6 5. Nf3 Bd7 6. Be2 Nh6 7. O-O Qb6 8. a3 cxd4 9. cxd4 Nf5 10. Be3 Be7 11. Nc3 a6 12. b4 O-O 13. Na4 Qd8 14. Rc1 f6 15. Nc5 b6 16. Nxa6 fxe5 17. b5 Na5 18. Nxe5 Bxa3 19. Rc7 Be8 20. Qc2 Bd6 21. Rc3 Bg6 22. Qc1 Bxe5 23. dxe5 Nxe3 24. Rxe3 Qg5 25. Rc3 Qxe5 26. Rc7 Be4 27. Bg4 Nb3 28. Qe3 Nc5 29. Nxc5 bxc5 30. Qxc5 h5 31. Bh3 Ra2 32. Rc6 Rf6 33. Rc8+ Kh7 34. b6 Qf4 35. f3 Rc2 36. Qxc2 Bxc2 37. Rxc2 Qe3+ 38. Kh1 Qxb6 39. Re2 Qd6 40. Rfe1 Qa6 41. g3 d4 42. Kg2 d3 43. Rd2 Qa5 44. Red1 Qc3 45. f4 Qc6+ 46. Kf2 e5 47. Bg2 Qd6 48. Rxd3 Qb4 49. Kg1 exf4 50. gxf4 Qxf4 51. Rf3 Qg5 52. Rxf6 Qxf6 53. Rf1 Qd4+ 54. Kh1 Kh6 55. h3 g6 56. Kh2 Qe5+ 57. Kh1 Qd4 58. Rf8 h4 59. Rf1 Qd2 60. Rf3 Qd1+ 61. Rf1 Qd6 62. Rf3 Qe5 63. Rf1 g5 64. Rf3 Qa1+ 65. Kh2 Qe5+ 66. Kh1 Kh5 67. Kg1 g4 68. hxg4+ Kxg4 69. Rh3 Qe1+ 70. Kh2 Qe5+ 71. Kh1 Qe1+ 72. Kh2 Qa5 73. Kh1 Qe5 74. Kg1 Qd4+ 75. Kh1 Qf4 76. Kg1 Kg5 77. Kh1 Qc1+ 78. Kh2 Qc7+ 79. Kg1 Kg4 80. Kh1 Qc1+ 81. Kh2 Qe1 82. Rf3 Qe5+ 83. Kg1 h3 84. Rxh3 Qe1+ 85. Kh2 Qe5+ 86. Kg1 Qe1+ 87. Kh2 Qe5+ 88. Kg1 1/2-1/2

[Event "November 21 Late 2023"]
[Site "https://www.chess.com"]
[Date "2023.11.21"]
[Round "6"]
[White "Manfroi, Alexander Giannini"]
[Black "Tsiolakidis, Anastasios"]
[Result "0-1"]
[Board "142"]
[TimeControl "180+1"]
[WhiteFideId "22739335"]
[BlackFideId "4201477"]
[WhiteElo "1618"]
[BlackElo "2249"]
[WhiteTeam "BRA"]
[BlackTeam "GRE"]
[WhiteClock "0:00:08"]
[BlackClock "0:01:39"]

1. d4 Nf6 2. Bf4 c5 3. e3 Qb6 4. Nc3 e6 5. a3 Nc6 6. Nb5 Nd5 7. dxc5 Bxc5 8. Bd6 a6 9. Bxc5 Qxc5 10. Nc7+ Nxc7 11. Nf3 d5 12. Bd3 b5 13. O-O Bb7 14. b4 Qd6 15. Ng5 h6 16. Qh5 Qe7 17. Nf3 O-O-O 18. a4 Nxb4 19. axb5 Nxd3 20. cxd3 Nxb5 21. Qe5 f6 22. Rfc1+ Kd7 23. Qg3 e5 24. d4 e4 25. Nh4 g5 26. Ng6 Qd6 27. Qxd6+ Kxd6 28. Nxh8 Rxh8 29. f3 f5 30. Kf2 Ra8 31. Ra5 Nc7 32. Rcc5 Bc6 33. Kg3 Ne6 34. Rc1 f4+ 35. Kg4 Bd7 36. Kh5 fxe3 37. fxe4 Nxd4 38. Rxd5+ Ke6 39. Rxd4 Bb5 40. Kxh6 Ke5 41. Rd5+ Kxe4 42. Rxg5 e2 43. Re1 Rf8 44. Rg7 Ke3 45. Re7+ Kf2 46. R7xe2+ Bxe2 47. Rxe2+ Kxe2 48. g4 a5 49. g5 a4 50. h4 a3 51. h5 a2 52. g6 a1=Q 53. Kh7 Qh8# 0-1

[Event "November 21 Late 2023"]
[Site "https://www.chess.com"]
[Date "2023.11.21"]
[Round "6"]
[White "claudiuprunescu"]
[Black "Awoki, Daniel Teidi"]
[Result "0-1"]
[Board "143"]
[TimeControl "180+1"]
[BlackFideId "2100827"]
[WhiteElo "2187"]
[BlackElo "2077"]
[BlackTeam "BRA"]
[WhiteClock "0:01:03"]
[BlackClock "0:01:49"]

1. d4 Nf6 2. c4 e6 3. Nf3 d5 4. Nc3 Be7 5. Bg5 O-O 6. e3 a6 7. Rc1 c5 8. cxd5 Nxd5 9. Bxe7 Qxe7 10. Nxd5 exd5 11. Rxc5 Be6 12. Bd3 Nc6 13. O-O Rac8 14. a3 b6 15. Rc3 b5 16. Bb1 Na5 17. Qd3 g6 18. Ne5 Rxc3 19. Qxc3 Nc4 20. Nxc4 dxc4 21. e4 Rb8 22. d5 Bd7 23. b4 cxb3 24. Qxb3 a5 25. Rd1 b4 26. axb4 Rxb4 27. Qd3 a4 28. Qc3 Rb3 29. Qc4 Qb4 30. Qxb4 Rxb4 31. f3 a3 32. e5 Rb2 33. Re1 Bf5 34. Bxf5 gxf5 35. d6 Kf8 36. Rc1 a2 37. Rd1 Rb1 0-1

[Event "November 21 Late 2023"]
[Site "https://www.chess.com"]
[Date "2023.11.21"]
[Round "6"]
[White "Grabinsky, Vladimir"]
[Black "Kniazev, Igor"]
[Result "1-0"]
[Board "144"]
[TimeControl "180+1"]
[WhiteFideId "14107074"]
[BlackFideId "4136349"]
[WhiteElo "2027"]
[BlackElo "1862"]
[WhiteTeam "UKR"]
[BlackTeam "RUS"]
[WhiteClock "0:01:36"]
[BlackClock "0:01:05"]

1. e4 e5 2. Nf3 Nf6 3. Nxe5 Nxe4 4. Qe2 Qe7 5. Qxe4 d6 6. d4 dxe5 7. dxe5 Nc6 8. f4 f6 9. Bb5 Bd7 10. Nc3 O-O-O 11. Be3 fxe5 12. O-O-O exf4 13. Qxf4 Qe5 14. Bxc6 Qxf4 15. Bxd7+ Rxd7 16. Bxf4 1-0

[Event "November 21 Late 2023"]
[Site "https://www.chess.com"]
[Date "2023.11.21"]
[Round "7"]
[White "Nakamura, Hikaru"]
[Black "Matlakov, Maxim"]
[Result "1-0"]
[Board "1"]
[TimeControl "180+1"]
[WhiteFideId "2016192"]
[BlackFideId "4168003"]
[WhiteElo "2874"]
[BlackElo "2638"]
[WhiteTeam "USA"]
[BlackTeam "RUS"]
[WhiteClock "0:00:11"]
[BlackClock "0:00:01"]

1. h4 d5 2. d4 c5 3. c3 Nf6 4. dxc5 e5 5. b4 a5 6. Nf3 e4 7. Nd4 b6 8. cxb6 axb4 9. cxb4 Qxb6 10. e3 Bxb4+ 11. Bd2 O-O 12. Bxb4 Qxb4+ 13. Qd2 Qe7 14. Nc3 Nbd7 15. Be2 Ne5 16. O-O Rd8 17. a4 Bg4 18. Rfb1 Nc4 19. Bxc4 dxc4 20. a5 Bd7 21. a6 Qd6 22. a7 Ng4 23. g3 Ne5 24. Qb2 Nf3+ 25. Nxf3 exf3 26. Qb7 Bc6 27. Qb6 Qe6 28. Kh2 g5 29. Ra6 Rd2 30. Rb2 Rd6 31. Qb8+ Kg7 32. Rxc6 Rxc6 33. Qxa8 gxh4 34. Qb8 Rd6 35. Qxd6 Qxd6 36. a8=Q hxg3+ 37. Kh3 g2 38. Rb1 Qh6+ 39. Kg3 Qg6+ 40. Kxf3 g1=Q 41. Rxg1 Qxg1 42. Qd5 Qh1+ 43. Ke2 Qh4 44. Qd4+ Qxd4 45. exd4 h5 46. Kf3 Kf6 47. Kf4 Ke6 48. Kg5 h4 49. Kxh4 Kf5 50. Kg3 1-0

[Event "November 21 Late 2023"]
[Site "https://www.chess.com"]
[Date "2023.11.21"]
[Round "7"]
[White "Le, Quang Liem"]
[Black "Xiong, Jeffery"]
[Result "1-0"]
[Board "2"]
[TimeControl "180+1"]
[WhiteFideId "12401137"]
[BlackFideId "2047640"]
[WhiteElo "2665"]
[BlackElo "2726"]
[WhiteTeam "VIE"]
[BlackTeam "USA"]
[WhiteClock "0:00:21"]
[BlackClock "0:00:01"]

1. Nf3 Nf6 2. d4 g6 3. c4 Bg7 4. Nc3 d5 5. cxd5 Nxd5 6. e4 Nxc3 7. bxc3 c5 8. Bb5+ Nc6 9. Rb1 O-O 10. d5 Ne5 11. Nxe5 Bxe5 12. Qd2 a6 13. Be2 b5 14. f4 Bg7 15. O-O e6 16. d6 e5 17. f5 Qd7 18. c4 Bb7 19. f6 Bh8 20. Rb3 Bxe4 21. Rh3 Bf5 22. Rxf5 Qxf5 23. Qh6 Qxh3 24. Qxh3 Bxf6 25. Be3 e4 26. Bxc5 bxc4 27. d7 Rfd8 28. Bxc4 Rab8 29. Qg4 Kg7 30. Bxa6 Rb2 31. a4 Rb1+ 32. Kf2 Rb2+ 33. Ke3 h5 34. Qd1 Bg5+ 35. Kxe4 Rd2 36. Bd4+ Kh7 37. Qxd2 Bxd2 38. Bc8 1-0

[Event "November 21 Late 2023"]
[Site "https://www.chess.com"]
[Date "2023.11.21"]
[Round "7"]
[White "Grischuk, Alexander"]
[Black "Theodorou, Nikolas"]
[Result "1/2-1/2"]
[Board "3"]
[TimeControl "180+1"]
[WhiteFideId "4126025"]
[BlackFideId "4262875"]
[WhiteElo "2699"]
[BlackElo "2525"]
[WhiteTeam "RUS"]
[BlackTeam "GRE"]
[WhiteClock "0:00:05"]
[BlackClock "0:00:03"]

1. d4 Nf6 2. Bg5 d5 3. Nf3 Ne4 4. Bh4 Qd6 5. c4 Nc6 6. e3 Bg4 7. Nc3 Qb4 8. Qb3 e6 9. Bd3 Na5 10. Qc2 Nxc4 11. Bxc4 Bxf3 12. Bb5+ c6 13. gxf3 Nxc3 14. Bxc6+ bxc6 15. bxc3 Qc4 16. Qb3 Qa6 17. Rb1 Bd6 18. Qb7 Qxb7 19. Rxb7 Rb8 20. Rxb8+ Bxb8 21. Kd2 Kd7 22. Rb1 Kc8 23. Bg3 Bc7 24. c4 h5 25. cxd5 exd5 26. Bxc7 Kxc7 27. h4 Rb8 28. Rxb8 Kxb8 29. f4 g6 30. f3 f6 31. e4 Kc7 32. Ke3 Kd6 33. Kd3 Ke6 34. Ke3 Kd6 35. Kd3 Ke6 36. Ke3 Kd6 1/2-1/2

[Event "November 21 Late 2023"]
[Site "https://www.chess.com"]
[Date "2023.11.21"]
[Round "7"]
[White "Khismatullin, Denis"]
[Black "Carlsen, Magnus"]
[Result "0-1"]
[Board "4"]
[TimeControl "180+1"]
[WhiteFideId "4142578"]
[BlackFideId "1503014"]
[WhiteElo "2552"]
[BlackElo "2887"]
[WhiteTeam "RUS"]
[BlackTeam "NOR"]
[WhiteClock "0:00:01"]
[BlackClock "0:01:18"]

1. e4 c5 2. Nf3 g6 3. c3 d5 4. exd5 Qxd5 5. d4 Bg7 6. Na3 cxd4 7. Nb5 Na6 8. Nbxd4 Nf6 9. Bb5+ Bd7 10. Bxd7+ Nxd7 11. O-O O-O 12. Be3 Rfd8 13. Qb3 Ndc5 14. Qxd5 Rxd5 15. a4 e5 16. Nb5 Nd3 17. Rfd1 Rad8 18. b4 e4 19. Nfd4 Naxb4 20. cxb4 a6 21. Rab1 axb5 22. Nxb5 f5 23. g3 Be5 24. Na7 Ra8 25. b5 Bd4 26. b6 Bxe3 27. fxe3 Ra5 28. Ra1 Rd8 29. Nb5 Kg7 30. Rd2 Rda8 31. Rc2 Rxb5 32. Rc7+ Kh6 33. Rxb7 Nc5 34. Rc7 Rxa4 35. Rxa4 Nxa4 36. b7 Nb2 37. Kg2 Nd3 38. h4 Rb2+ 39. Kg1 Kh5 40. Rxh7+ Kg4 41. Rg7 Kf3 42. Rxg6 Rxb7 43. h5 Rb1+ 0-1

[Event "November 21 Late 2023"]
[Site "https://www.chess.com"]
[Date "2023.11.21"]
[Round "7"]
[White "Martinez Alcantara, Jose Eduardo"]
[Black "Ibarra Jerez, Jose Carlos"]
[Result "1/2-1/2"]
[Board "5"]
[TimeControl "180+1"]
[WhiteFideId "3805662"]
[BlackFideId "2226332"]
[WhiteElo "2703"]
[BlackElo "2634"]
[WhiteTeam "PER"]
[BlackTeam "ESP"]
[WhiteClock "0:00:46"]
[BlackClock "0:00:18"]

1. e4 c5 2. Nf3 Nc6 3. c3 Nf6 4. Bd3 d6 5. h3 g6 6. Bc2 Bg7 7. O-O O-O 8. d4 cxd4 9. cxd4 e5 10. d5 Nb4 11. Nc3 Nxc2 12. Qxc2 Bd7 13. a4 Nh5 14. Qb3 Bc8 15. Bg5 Bf6 16. Bd2 Nf4 17. Bxf4 exf4 18. Rfe1 Re8 19. Rad1 a6 20. e5 dxe5 21. Ne4 Bf5 22. Qxb7 Bxe4 23. Rxe4 Qd6 24. Qb3 Rab8 25. Qc2 Bg7 26. Rc4 h6 27. Rc6 Qd7 28. Rc7 Qd6 29. Rc6 Qd7 30. Nd2 Qxd5 31. Ne4 Qb3 32. Qxb3 Rxb3 33. Rxa6 Rxb2 34. Ra7 Rb4 35. f3 Rd4 36. Rc1 Rb8 37. Kh2 f5 38. Rcc7 fxe4 39. Rxg7+ Kh8 40. Rh7+ Kg8 41. Rag7+ Kf8 42. Ra7 Kg8 43. fxe4 Rxe4 44. Rag7+ Kf8 45. Ra7 Kg8 46. Rxh6 Rb6 47. Rhh7 Re2 48. Rhc7 Rf6 49. Kg1 e4 50. a5 f3 51. gxf3 exf3 52. Kf1 Ra2 53. a6 Ra1+ 54. Kf2 Ra2+ 55. Kf1 Ra1+ 56. Kf2 Ra2+ 57. Ke3 f2 58. Ra8+ Rf8 59. Rxf8+ Kxf8 60. Rc1 Rxa6 61. Kxf2 Kg7 62. Kg3 Ra4 63. Rc3 Kh6 64. Rb3 Ra5 65. Rd3 Rg5+ 66. Kh2 Rf5 67. Rd8 Kg7 68. Kg3 Rf7 69. Rd5 Rf6 70. Rd1 Rf5 71. Kg4 Kh6 72. h4 Ra5 73. Rd4 Re5 74. Rd8 Kg7 75. Kf4 Re7 76. Rd6 Rf7+ 77. Kg4 Re7 78. Rd5 Rf7 79. Rc5 Rf5 80. Rc6 Rf6 81. Rc4 Rf5 82. Rb4 Kh6 83. Rb8 Kg7 84. Rb7+ Kh6 85. Rb1 Kg7 86. Rc1 Kh6 87. Rc7 Re5 88. Kf4 Rh5 89. Kg3 Ra5 90. Rc3 g5 91. hxg5+ Kxg5 92. Kf3 Rf5+ 93. Ke4 Rf4+ 94. Ke5 Rf5+ 95. Ke6 Rf6+ 96. Ke5 Rf5+ 97. Kd6 Rf6+ 98. Ke7 Rf5 99. Rc1 Rf2 100. Ke6 Kf4 101. Kd5 Re2 102. Kd4 Rd2+ 103. Kc3 Rd8 104. Rf1+ Ke3 105. Ra1 Rc8+ 106. Kb4 Kd4 107. Kb5 Rb8+ 108. Kc6 Rb3 109. Kd6 Rb6+ 110. Kc7 Rb3 111. Rd1+ Rd3 112. Rh1 Rc3+ 113. Kd6 Rd3 114. Kc6 Rc3+ 115. Kb5 Rc5+ 116. Kb4 Rc4+ 117. Kb3 Rc3+ 118. Kb2 Re3 119. Rh8 Re2+ 120. Kb3 Re5 121. Rh4+ Re4 122. Rh2 Re3+ 123. Kc2 Ra3 124. Kb2 Re3 125. Rh4+ Re4 126. Rh7 Re2+ 127. Kb3 Re3+ 128. Kb4 Re4 129. Rh5 Ke3+ 130. Kc3 Re8 131. Rc5 Re4 132. Rc6 Kf4 133. Rc7 Re3+ 134. Kd2 Re5 135. Rc4+ Re4 136. Rc1 Ke5 137. Kd3 Rd4+ 138. Ke3 Re4+ 139. Kf3 Rf4+ 140. Kg3 Rd4 141. Re1+ Re4 1/2-1/2

[Event "November 21 Late 2023"]
[Site "https://www.chess.com"]
[Date "2023.11.21"]
[Round "7"]
[White "Nihal Sarin"]
[Black "Zhigalko, Sergei"]
[Result "1-0"]
[Board "6"]
[TimeControl "180+1"]
[WhiteFideId "25092340"]
[BlackFideId "13502956"]
[WhiteElo "2689"]
[BlackElo "2616"]
[WhiteTeam "IND"]
[BlackTeam "BLR"]
[WhiteClock "0:01:42"]
[BlackClock "0:00:05"]

1. Nf3 d5 2. g3 c6 3. Bg2 Bg4 4. c4 e6 5. cxd5 Bxf3 6. Bxf3 cxd5 7. O-O Nc6 8. d4 Nf6 9. Nc3 Be7 10. e3 O-O 11. Bd2 Rc8 12. Rc1 a6 13. a3 b5 14. Be2 Qb6 15. b4 Ne8 16. e4 Nxd4 17. Nxd5 exd5 18. Rxc8 Qe6 19. Rc1 dxe4 20. Be3 Nxe2+ 21. Qxe2 Nd6 22. Rc6 Qb3 23. Bc5 Nf5 24. Qxe4 Bxc5 25. bxc5 g6 26. Rxa6 Qc3 27. Ra8 Qxc5 28. Rxf8+ Qxf8 29. Qb4 Qa8 30. Rd1 h5 31. h4 Ng7 32. Rd3 Qe8 33. Qd2 Ne6 34. Rd5 Qa8 35. Qd3 Qa4 36. Rxb5 Qg4 37. Rb4 Qh3 38. Rb8+ Kh7 39. Qc3 Ng7 40. Qc8 1-0

[Event "November 21 Late 2023"]
[Site "https://www.chess.com"]
[Date "2023.11.21"]
[Round "7"]
[White "Tactrics"]
[Black "Andreikin, Dmitry"]
[Result "0-1"]
[Board "7"]
[TimeControl "180+1"]
[BlackFideId "4158814"]
[WhiteElo "2911"]
[BlackElo "2741"]
[BlackTeam "FID"]
[WhiteClock "0:00:01"]
[BlackClock "0:01:45"]

1. e4 c5 2. Nf3 g6 3. Bc4 Bg7 4. O-O e6 5. Re1 Ne7 6. c3 O-O 7. d3 Nbc6 8. Bb3 b5 9. Be3 d6 10. Nbd2 b4 11. d4 bxc3 12. bxc3 cxd4 13. cxd4 Ba6 14. a3 Rc8 15. Ra2 Na5 16. Ba4 Bd3 17. Bc2 Bc4 18. Nxc4 Nxc4 19. Bd3 Nxe3 20. Rxe3 Qa5 21. g3 Rc3 22. Qe1 Bh6 23. Rc2 Rfc8 24. Ree2 Qxa3 25. Rxc3 Rxc3 26. Ra2 Qb3 27. Bf1 Rxf3 28. Rxa7 Nc6 29. Ra8+ Kg7 30. d5 exd5 31. exd5 Ne5 32. Qa5 Qb2 33. Qa7 Be3 34. Qb8 Qxf2+ 35. Kh1 Qxf1# 0-1

[Event "November 21 Late 2023"]
[Site "https://www.chess.com"]
[Date "2023.11.21"]
[Round "7"]
[White "Erigaisi Arjun"]
[Black "Sjugirov, Sanan"]
[Result "1-0"]
[Board "8"]
[TimeControl "180+1"]
[WhiteFideId "35009192"]
[BlackFideId "4189302"]
[WhiteElo "2729"]
[BlackElo "2569"]
[WhiteTeam "IND"]
[BlackTeam "HUN"]
[WhiteClock "0:00:57"]
[BlackClock "0:00:00"]

1. Nf3 d5 2. c4 e6 3. g3 dxc4 4. Bg2 a6 5. O-O Nf6 6. Na3 Bxa3 7. bxa3 Nc6 8. Qc2 e5 9. Bb2 Qe7 10. Qxc4 O-O 11. d3 Re8 12. a4 Be6 13. Qc2 Qd6 14. Rfc1 Bd5 15. Qc5 e4 16. Qxd6 cxd6 17. dxe4 Nxe4 18. e3 Nb4 19. Rd1 Bc6 20. a5 Rac8 21. a3 Nc2 22. Rac1 Ba4 23. Bf1 Bb5 24. Bxb5 axb5 25. Rd5 b4 26. axb4 Nxb4 27. Rxc8 Rxc8 28. Rd4 1-0

[Event "November 21 Late 2023"]
[Site "https://www.chess.com"]
[Date "2023.11.21"]
[Round "7"]
[White "Kovalev, Vladislav"]
[Black "Esipenko, Andrey"]
[Result "1-0"]
[Board "9"]
[TimeControl "180+1"]
[WhiteFideId "13504398"]
[BlackFideId "24175439"]
[WhiteElo "2539"]
[BlackElo "2615"]
[WhiteTeam "FID"]
[BlackTeam "FID"]
[WhiteClock "0:00:03"]
[BlackClock "0:00:00"]

1. e4 Nc6 2. Nc3 d6 3. d4 Nf6 4. Nf3 g6 5. Be2 Bg7 6. O-O O-O 7. Re1 e5 8. dxe5 Nxe5 9. Nxe5 dxe5 10. Qxd8 Rxd8 11. Be3 a6 12. a4 Be6 13. Red1 Bf8 14. f3 Kg7 15. a5 Bb4 16. Rxd8 Rxd8 17. Nb1 Nd7 18. Nd2 Bc5 19. Kf2 f5 20. g3 Kf6 21. c3 1-0

[Event "November 21 Late 2023"]
[Site "https://www.chess.com"]
[Date "2023.11.21"]
[Round "7"]
[White "Szpar, Milosz"]
[Black "Muradli, Mahammad"]
[Result "1-0"]
[Board "10"]
[TimeControl "180+1"]
[WhiteFideId "1184989"]
[BlackFideId "13409301"]
[WhiteElo "2446"]
[BlackElo "2551"]
[WhiteTeam "POL"]
[BlackTeam "AZE"]
[WhiteClock "0:00:05"]
[BlackClock "0:00:00"]

1. Nf3 Nf6 2. c4 g6 3. b3 Bg7 4. Bb2 O-O 5. g3 c5 6. Bg2 Nc6 7. O-O d6 8. e3 Bd7 9. d4 cxd4 10. exd4 d5 11. Nc3 Bg4 12. Ne2 Qb6 13. c5 Qc7 14. h3 Bxf3 15. Bxf3 Rad8 16. Bg2 Nd7 17. Nf4 Nxc5 18. Nxd5 Qd7 19. Rc1 Ne6 20. Re1 Rfe8 21. Rc4 Na5 22. Ra4 Nc6 23. Rc4 Nf8 24. Qf3 Qd6 25. Rd1 Nd7 26. Rcc1 e6 27. Ne3 Qb8 28. Ng4 h5 29. Ne3 Nb6 30. Qe4 Nd5 31. Nc4 a6 32. Qe2 Nde7 33. Ne5 Nxe5 34. dxe5 Rxd1+ 35. Rxd1 Rc8 36. Rd7 Nc6 37. Qf3 Rf8 38. Qf4 Bxe5 39. Bxe5 Nxe5 40. Rxb7 Qd6 41. Kh2 a5 42. Rb5 f6 43. Rxa5 g5 44. Qe3 Kg7 45. Ra7+ Rf7 46. Rxf7+ Kxf7 47. a4 h4 48. a5 hxg3+ 49. fxg3 Qa3 50. Qa7+ Kg6 51. a6 Qa2 52. Qb7 g4 53. a7 gxh3 54. Kxh3 Qe2 55. Qe4+ 1-0

[Event "November 21 Late 2023"]
[Site "https://www.chess.com"]
[Date "2023.11.21"]
[Round "7"]
[White "Bortnyk, Olexandr"]
[Black "Manukyan, Sargis A."]
[Result "1-0"]
[Board "11"]
[TimeControl "180+1"]
[WhiteFideId "14120828"]
[BlackFideId "13303970"]
[WhiteElo "2725"]
[BlackElo "2204"]
[WhiteTeam "UKR"]
[BlackTeam "ARM"]
[WhiteClock "0:02:12"]
[BlackClock "0:00:56"]

1. d4 d5 2. Nc3 Nf6 3. Bf4 a6 4. e3 c5 5. dxc5 Nc6 6. a3 e5 7. Bg5 Be6 8. b4 Be7 9. Na4 h6 10. Bxf6 Bxf6 11. Nb6 Rb8 12. Nf3 O-O 13. Be2 d4 14. e4 a5 15. Rb1 axb4 16. axb4 Be7 17. Bd3 f5 18. exf5 Bxf5 19. Bxf5 Rxf5 20. Qd3 Qf8 21. Nd7 Qf7 22. Nxb8 Nxb8 23. Qb3 Nc6 24. O-O Qxb3 25. Rxb3 Kf7 26. Re1 Ke6 27. b5 1-0

[Event "November 21 Late 2023"]
[Site "https://www.chess.com"]
[Date "2023.11.21"]
[Round "7"]
[White "Firouzja, Alireza"]
[Black "Krysa, Leandro"]
[Result "0-1"]
[Board "12"]
[TimeControl "180+1"]
[WhiteFideId "12573981"]
[BlackFideId "116807"]
[WhiteElo "2896"]
[BlackElo "2495"]
[WhiteTeam "FRA"]
[BlackTeam "ARG"]
[WhiteClock "0:00:00"]
[BlackClock "0:00:20"]

1. b4 d5 2. Bb2 Qd6 3. a3 e5 4. e3 Nd7 5. Nf3 e4 6. Nd4 c6 7. c4 dxc4 8. Bxc4 Qg6 9. g3 Ne5 10. Be2 Bd6 11. Nc3 Nf6 12. h3 h5 13. Qb3 O-O 14. g4 hxg4 15. hxg4 Bxg4 16. O-O-O Bxe2 17. Ncxe2 Nd3+ 18. Kb1 Nxf2 19. Rdg1 N6g4 20. Rh4 Qg5 21. Rhxg4 Nxg4 22. Nc3 Rae8 23. Qd1 f5 24. Qb3+ Rf7 25. Nce2 Be5 26. Ne6 Qf6 27. N2d4 Rxe6 28. Nxe6 Bxb2 29. Nc5 Be5 30. Nxb7 Qe7 31. Nc5 Qd6 32. Rd1 Qd5 33. Qc2 Nf2 34. Rf1 Nd3 0-1

[Event "November 21 Late 2023"]
[Site "https://www.chess.com"]
[Date "2023.11.21"]
[Round "7"]
[White "Vasquez Schroeder, Rodrigo"]
[Black "Deac, Bogdan-Daniel"]
[Result "1/2-1/2"]
[Board "13"]
[TimeControl "180+1"]
[WhiteFideId "3400042"]
[BlackFideId "1226380"]
[WhiteElo "2582"]
[BlackElo "2641"]
[WhiteTeam "CHI"]
[BlackTeam "ROU"]
[WhiteClock "0:00:04"]
[BlackClock "0:00:01"]

1. e4 e5 2. Nf3 Nf6 3. d3 Nc6 4. c3 d5 5. Nbd2 a5 6. Be2 g6 7. O-O Bg7 8. Re1 O-O 9. Bf1 Re8 10. b3 h6 11. a3 Be6 12. Bb2 Nd7 13. Qc2 Ne7 14. g3 g5 15. h3 dxe4 16. dxe4 Ng6 17. b4 h5 18. Nc4 axb4 19. cxb4 g4 20. hxg4 hxg4 21. Nh2 Qg5 22. Rad1 Nf6 23. Bc1 Qh5 24. Be2 Qh3 25. Ne3 c6 26. Nf5 Bf8 27. Bg5 Qh8 28. Bxf6 Qxf6 29. Nxg4 Qg5 30. Qd3 Red8 31. Qf3 Be7 32. Kg2 Kf8 33. Rh1 Rxd1 34. Rxd1 Rd8 35. Rxd8+ Bxd8 36. Qe3 Bxf5 37. Qxg5 Bxg5 38. exf5 Ne7 39. Nxe5 Nxf5 40. Nd7+ Ke7 41. Nc5 Nd6 42. f4 Bf6 43. Nd3 Bd4 44. Kf3 Nc4 45. a4 Nd2+ 46. Kg4 Ke6 47. Kg5 Ne4+ 48. Kh4 Nc3 49. Nc5+ Bxc5 50. Bc4+ Ke7 51. bxc5 Nxa4 52. Kg5 Nxc5 53. Kf5 b5 54. Ba2 b4 55. Ke5 b3 56. Bb1 Na4 57. Kd4 Nb6 58. Kc3 Nd5+ 59. Kxb3 Ne3 60. Be4 Kd6 61. Kc3 Nd5+ 62. Kd4 c5+ 63. Kd3 Nb4+ 64. Kc4 Nc6 65. Bxc6 Kxc6 66. g4 Kd6 67. f5 f6 68. Kd3 Kd5 69. Kc3 c4 70. Kb4 Kd4 71. g5 c3 72. gxf6 c2 73. f7 c1=Q 74. f8=Q Qb1+ 75. Ka5 Ke5 76. Qe7+ Kf4 77. f6 Qa2+ 78. Kb6 Qb3+ 79. Kc7 Qc4+ 80. Kd7 Qb5+ 81. Kd8 Qb8+ 82. Kd7 Qb5+ 83. Kc7 Qc4+ 84. Kd6 Qb4+ 85. Ke6 Qc4+ 86. Kd7 Qb5+ 1/2-1/2

[Event "November 21 Late 2023"]
[Site "https://www.chess.com"]
[Date "2023.11.21"]
[Round "7"]
[White "Bortnyk, Mykola"]
[Black "Troff, Kayden"]
[Result "1-0"]
[Board "14"]
[TimeControl "180+1"]
[WhiteFideId "14120836"]
[BlackFideId "2047896"]
[WhiteElo "2592"]
[BlackElo "2544"]
[WhiteTeam "UKR"]
[BlackTeam "USA"]
[WhiteClock "0:00:29"]
[BlackClock "0:00:01"]

1. e4 c5 2. Nf3 g6 3. c3 Bg7 4. d4 cxd4 5. cxd4 d5 6. e5 Nc6 7. Bb5 Nh6 8. Bxc6+ bxc6 9. O-O O-O 10. Nbd2 f6 11. Nb3 Bg4 12. e6 Bxe6 13. Re1 Bf7 14. Nc5 Nf5 15. Qa4 Qc7 16. Bd2 e5 17. Ba5 Qe7 18. Qxc6 e4 19. g4 Rfc8 20. Qa4 Nxd4 21. Nxd4 Qxc5 22. Rac1 Qxc1 23. Rxc1 Rxc1+ 24. Kg2 Rc4 25. Qd1 f5 26. Bc3 f4 27. Qd2 f3+ 28. Kg3 Rac8 29. h4 h6 30. Kh3 Kh7 31. Qf4 Kg8 32. Nb5 d4 33. Nd6 dxc3 34. Qxf7+ Kh7 35. h5 c2 36. hxg6+ Kh8 37. Qe6 R4c7 38. Nf7+ Kg8 39. Nd6+ Kf8 40. Qf5+ Kg8 41. Qd5+ Kf8 42. Nxc8 Rxc8 43. Qf7# 1-0

[Event "November 21 Late 2023"]
[Site "https://www.chess.com"]
[Date "2023.11.21"]
[Round "7"]
[White "Chigaev, Maksim"]
[Black "Skvortsov, Andrei"]
[Result "1-0"]
[Board "15"]
[TimeControl "180+1"]
[WhiteFideId "4108116"]
[BlackFideId "24108600"]
[WhiteElo "2561"]
[BlackElo "2357"]
[WhiteTeam "ESP"]
[BlackTeam "MNE"]
[WhiteClock "0:01:55"]
[BlackClock "0:01:54"]

1. d4 e6 2. g3 c5 3. Nf3 Nc6 4. Bg2 Nf6 5. c4 cxd4 6. Nxd4 Bb4+ 7. Bd2 Bxd2+ 8. Qxd2 d5 9. cxd5 Nxd5 10. Nxc6 bxc6 11. O-O O-O 12. Rc1 Qb6 13. Nc3 Rb8 14. Na4 Qb5 15. b3 Ba6 16. e4 Qb4 17. Qxb4 Nxb4 18. Nc5 Bc8 19. Bf1 Rb6 20. a3 Na6 21. Bxa6 Bxa6 22. Nd7 1-0